 Dungeon Crawl Stone Soup version 0.20-a0 (webtiles) character file.

123 varam the Twirler (level 4, 0/33 HPs)
             Began as a Demonspawn Gladiator on Oct 27, 2016.
             Killed from afar by Sigmund (3 damage)
             ... with a puff of flame
             ... on level 3 of the Dungeon.
             The game lasted 00:02:40 (2738 turns).

varam the Twirler (Demonspawn Gladiator)            Turns: 2738, Time: 00:02:41

Health: 0/33       AC:  6    Str: 15    XL:     4   Next: 80%
Magic:  4/4        EV: 12    Int: 10    God:
Gold:   76         SH:  0    Dex: 14    Spells: 0 memorised, 3 levels left

rFire  . . .     SeeInvis .     a - +0 quarterstaff
rCold  . . .     Gourm    .     b - +0 leather armour
rNeg   . . .     Faith    .     (shield currently unavailable)
rPois  .         Spirit   .     c - +0 helmet
rElec  .         Reflect  .     (no cloak)
rCorr  .         Harm     .     (no gloves)
MR     .....                    (no boots)
Stlth  +.........               (no amulet)
                                (no ring)
                                (no ring)

@: lethally poisoned (0 -> -35)
A: talons 2, iridescent scales 1
a: no special abilities


You were on level 3 of the Dungeon.
You were hungry.

You visited 1 branch of the dungeon, and saw 3 of its levels.

You collected 76 gold pieces.

Inventory:

Hand Weapons
 a - a +0 quarterstaff (weapon)
Missiles
 d - 3 throwing nets (quivered)
Armour
 b - a +0 leather armour (worn)
 c - a +0 helmet (worn)
Scrolls
 g - 2 scrolls of amnesia {unknown}
 j - 2 scrolls of identify {unknown}
 l - a scroll of teleportation {unknown}
 n - a scroll of enchant armour {unknown}
Potions
 e - a potion of heal wounds
 h - 2 potions of might
 k - 2 potions of lignification {unknown}
 m - a potion of cancellation {unknown}
Comestibles
 f - a bread ration
 i - a meat ration


   Skills:
 - Level 2.0 Fighting
 + Level 5.1 Staves
 - Level 1.7 Throwing
 - Level 2.6 Dodging


You had 3 spell levels left.
You didn't know any spells.

Dungeon Overview and Level Annotations

Branches:
Dungeon (3/15)

Altars:

Annotations:
D:3 Sigmund


Innate Abilities, Weirdness & Mutations

You have razor-sharp toenails.
You are partially covered in iridescent scales. (AC +2)


Message History

You feel sick. Sigmund closely misses you.
You feel sick.
Sigmund hits you with a scythe of venom.
You are lethally poisoned!
You hit Sigmund. Your kick misses Sigmund.
Sigmund is lightly wounded.
You feel sick.
You thump Sigmund! Your kick misses Sigmund.
Sigmund is moderately wounded.
You feel sick.
Sigmund hits you with a scythe of venom!
* * * LOW HITPOINT WARNING * * *
You are more poisoned.
You sock Sigmund! Your kick misses Sigmund.
Sigmund is severely wounded.
* * * LOW HITPOINT WARNING * * *
You feel very sick.
Sigmund points at you and mumbles some strange words.
The puff of flame hits you!
You die...

#.......####...
#..............
#.............#
#............#
#............#
#............###
#......)........
#....@@......#
#............#
#............#
#########.####
.# .# .# .# .#


You could see Sigmund.

Vanquished Creatures
  Jessica (D:3)
  4 adders (D:2)
  An ooze (D:1)
  3 worms (D:2)
  A dart slug (D:2)
  A leopard gecko (D:1)
  A giant cockroach (D:1)
  6 goblins
  6 hobgoblins
  A jackal (D:1)
  5 kobolds
  8 bats
  12 rats
50 creatures vanquished.

Notes
Turn   | Place    | Note
-------+----------+-------------------------------------------
     0 | D:1      | varam the Demonspawn Gladiator began the quest for the Orb.
     0 | D:1      | Reached XP level 1. HP: 16/16 MP: 1/1
   342 | D:1      | Reached skill level 3 in Staves
   593 | D:1      | Gained mutation: You are partially covered in iridescent scales. (AC +2) [demonic ancestry]
   593 | D:1      | Reached XP level 2. HP: 21/22 MP: 2/2
  1376 | D:1      | Gained mutation: You have sharp toenails. [demonic ancestry]
  1376 | D:1      | Reached XP level 3. HP: 25/27 MP: 3/3
  1669 | D:2      | Reached skill level 4 in Staves
  1800 | D:2      | Gained mutation: You have razor-sharp toenails. [demonic ancestry]
  1800 | D:2      | Reached XP level 4. HP: 21/33 MP: 4/4
  2728 | D:3      | Noticed Jessica
  2728 | D:3      | Noticed Sigmund
  2734 | D:3      | Killed Jessica
  2734 | D:3      | Reached skill level 5 in Staves
  2738 | D:3      | Killed from afar by Sigmund

Vault maps used:
D:1:      dpeg_arrival_tiny_j, minivault_14, st_stairs_11, minivault_4,
          minmay_cut_off
D:2:      chequers_big_river
D:3:      lemuel_crystal_altar, ecumenical_altar_1, corexii_shack, uniq_jessica,
          uniq_sigmund

Skill      XL: |  1  2  3  4 |
---------------+-------------+-----
Staves         | 3 4 5 |  5.1
Fighting       | |  2.0
Throwing       | |  1.7
Dodging        | |  2.6

Action                   |  1- 3 |  4- 6 || total
-------------------------+-------+-------++-------
Melee: Quarterstaff      |   136 |    29 ||   165
       Kick              |    11 |     5 ||    16
 Stab: Sleeping          |     1 |     1 ||     2
  Eat: Chunk             |     3 |     2 ||     5
Armor: Leather armour    |    46 |     3 ||    49
Dodge: Dodged            |   100 |    14 ||   114
